 Dungeon Crawl Stone Soup version 0.32-a0-534-ga61f84b8bd (webtiles) character file.

Game seed: 811779334982521590

243 CrazyBamboolord the Grave Robber (level 5, -1/43 (45) HPs)
             Began as a Mountain Dwarf Necromancer on Feb 28, 2024.
             Was an Initiate of Ashenzari.
             Killed from afar by an orc wizard (6 damage)
             ... with a puff of flame
             ... on level 4 of the Dungeon.
             The game lasted 00:05:57 (2498 turns).

CrazyBamboolord the Grave Robber (MDNe)             Turns: 2498, Time: 00:05:58

HP:   -1/43 (45)    AC: 13    Str: 11    XL:     5   Next: 82%
MP:   2/8           EV:  8    Int: 17    God:    Ashenzari [......]
Gold: 121           SH:  5    Dex: 10    Spells: 5/9 levels left

rFire   . . .        j - +0 broad axe
rCold   + + .        (no shield)
rNeg    . . .        o - +0 scale mail "Notyich" {rC+ Regen+ Stlth+}
rPois   .            (no helmet)
rElec   .            (no cloak)
rCorr   .            h - +0 pair of gloves
SInv    .            r - +0 pair of boots
Will    .....        e - amulet of reflection
Stlth   +            f - ring of protection from cold
HPRegen 1.07/turn    m - +4 ring of protection
MPRegen 0.11/turn

%: reflection
@: very slightly contaminated, lightly drained
A: runic magic, artefact enchanting
a: Renounce Religion


You were on level 4 of the Dungeon.
You worshipped Ashenzari.
Ashenzari was noncommittal.
You visited 2 branches of the dungeon, and saw 5 of its levels.

You collected 121 gold pieces.

Inventory:

Hand Weapons
 j - a +0 broad axe (weapon)
Armour
 h - a +0 pair of gloves (worn)
 o - the +0 scale mail "Notyich" (worn) {rC+ Regen+ Stlth+}
   (You found it on level 2 of the Dungeon)

   rC+:       It protects you from cold.
   Regen+:    It increases your rate of health regeneration.
   Stlth+:    It makes you more stealthy.
 r - a +0 pair of boots (worn)
Jewellery
 e - an amulet of reflection (around neck)
 f - a ring of protection from cold (left hand)
 m - a +4 ring of protection (right hand)
Wands
 a - a wand of roots (12)
Scrolls
 g - a scroll of amnesia {unknown}
 q - 2 scrolls of teleportation
 s - a scroll of enchant weapon {unknown}
 t - a scroll of torment {unknown}
 u - a scroll of enchant armour {unknown}
 v - 2 scrolls of noise {unknown}
 w - 3 scrolls of identify
 x - a scroll of immolation {unknown}
Potions
 b - a potion of magic
 c - a potion of curing {unknown}
 d - 2 potions of might {unknown}
 i - 2 potions of ambrosia {unknown}
 k - 3 potions of brilliance
 l - a potion of resistance {unknown}
 n - 2 potions of invisibility {unknown}
 p - a potion of attraction {unknown}
 z - a potion of cancellation {unknown}


   Skills:
 * Level 3.0 Fighting
 * Level 2.1 Axes
 * Level 3.0 Armour
 - Level 1.3 Dodging
 - Level 1.4 Stealth
 - Level 1.0 Unarmed Combat
 * Level 2.5 Spellcasting
 + Level 5.0 Necromancy


You had 5 spell levels left.
You knew the following spells:

 Your Spells              Type           Power      Damage    Failure   Level
a - Necrotise             Necr           76%        1d7       3%          1
b - Vampiric Draining     Necr           19%        2d7       11%         3

Your spell library contained the following spells:

 Spells                   Type           Power      Damage    Failure   Level
 Shock                    Conj/Air       8%         1d3       28%         1
 Animate Dead             Necr           19%        N/A       34%         4
 Curse of Agony           Necr           19%        N/A       69%         5
 Freezing Cloud           Conj/Ice/Air   1%         6-21      100%        5


Dungeon Overview and Level Annotations

Branches:
Dungeon (4/15)             Temple (1/1) D:4

Altars:
Ashenzari
Cheibriados
Dithmenos
Elyvilon
Fedhas
Gozag
Kikubaaqudgha
Nemelex Xobeh
Okawaru
Ru
Sif Muna
Uskayaw
Vehumet
Xom
Yredelemnul
Zin

Shops:
D:1 (


Innate Abilities, Weirdness & Mutations

Your spellcasting is much less encumbered by armour.
You can use scrolls of enchantment on lesser artefacts.


Message History

Your Axes skill increases to level 2!
Your Armour skill increases to level 3!
Your Necromancy skill increases to level 5!
You closely miss the hound.
The hound is heavily wounded.
You hit something. You block the hound's attack. The hound bites you.
You hear some strange, mumbled words.
A magic dart appears from out of thin air!
The magic dart hits you but does no damage.
Unknown command.
You barely miss the hound.
The hound is heavily wounded.
You hit the orc. You closely miss something. The hound closely misses you.
You block the orc's attack.
You hear some strange, mumbled words.
A magic dart appears from out of thin air!
The magic dart hits you but does no damage.
The hound bites you but does no damage.
You closely miss something. You barely miss the hound. You barely miss the orc.
You block the hound's attack. The orc hits you with a +0 club.
Something hits you. The hound bites you but does no damage.
You hear some strange, mumbled words.
A puff of flame appears from out of thin air!
The puff of flame hits you.
* * * LOW HITPOINT WARNING * * *
The orc barely misses you.
Casting: Vampiric Draining (dangerous; 11% risk of failure)
Confirm with . or Enter, or press ? or * to list all spells.
Aiming: Vampiric Draining (dangerous; 11% risk of failure)
Press: ? - help, Shift-Dir - straight line, f - hound
Aim: a hound (heavily wounded)
You miscast Vampiric Draining.
You are very lightly contaminated with residual magic.
Flickering shadows surround you!
You feel drained.
* * * LOW HITPOINT WARNING * * *
The hound bites you but does no damage. x2
The orc hits you but does no damage.
You hear some strange, mumbled words.
A puff of flame appears from out of thin air!
The puff of flame hits you.
You die...

.... .# o..##..
#..... o.... ##
...###..#. .
..#...... ...
###o.......
.....##.@{.#
.......†h..#
.......#.....#
.......###...#
..#.... .....
..#.....#
...##.
....##..##...##
.
#...##.##....#
..
#.............
...


You could see a hound and an orc.

Vanquished Creatures
  An orc priest (D:4)
  3 orc wizards (D:3)
  8 adders
  A dart slug (D:4)
  7 orcs (D:3)
  6 endoplasms
  2 giant cockroaches
  2 goblins (D:1)
  5 hobgoblins
  4 jackals (D:2)
  5 kobolds
  A quokka (D:4)
  5 ball pythons
  2 bats
  7 rats
59 creatures vanquished.

Vanquished Creatures (collateral kills)
  An endoplasm (D:3)
1 creature vanquished.

Grand Total: 60 creatures vanquished

Notes
Turn   | Place    | Note
-------+----------+-------------------------------------------
     0 | D:1      | CrazyBamboolord the Mountain Dwarf Necromancer began the
                  | quest for the Orb.
     0 | D:1      | Reached XP level 1. HP: 14/14 MP: 3/3
     4 | D:1      | Found Najimn's Antique Weapon Emporium.
   201 | D:1      | Reached skill level 1 in Armour
   201 | D:1      | Reached XP level 2. HP: 22/22 MP: 2/4
   309 | D:1      | Reached skill level 1 in Fighting
   350 | D:1      | Found a faded altar of an unknown god.
   741 | D:2      | Found a basalt altar of Yredelemnul.
   813 | D:2      | Reached XP level 3. HP: 25/28 MP: 2/6
   873 | D:2      | Identified the +0 scale mail "Notyich" {rC+ Regen+ Stlth+}
   954 | D:2      | Learned a level 3 spell: Vampiric Draining
  1338 | D:3      | Reached skill level 1 in Axes
  1338 | D:3      | Reached XP level 4. HP: 32/36 MP: 2/7
  1376 | D:3      | Reached skill level 1 in Unarmed Combat
  1498 | D:3      | Reached XP level 5. HP: 42/42 MP: 6/8
  1988 | D:3      | Identified the +4 rapier "Baazaobo" {protect, Fly Str+4
                  | Int+3}
  2130 | D:4      | Found a staircase to the Ecumenical Temple.
  2146 | D:4      | Got the Precepts of the Airy Icicle
  2154 | Temple   | Entered the Ecumenical Temple
  2327 | Temple   | Became a worshipper of Ashenzari the Shackled
  2495 | D:4      | Reached skill level 5 in Necromancy
  2498 | D:4      | Killed from afar by an orc wizard

Illustrated notes

Levels and vault maps discovered:
D:1:      ebering_hopf_link, layout_rooms, serial_shops, shop,
          dreamdust_ecumenical_altar_angels_and_demons
D:2:      layout_basic, basic_altar
D:3:      layout_basic, corexii_corridor_pit
D:4:      layout_cave_pools, minmay_temple_entry_butterflies
Temple:   regret_index_temple_sphere_string

Skill      XL: |  1  2  3  4  5 |
---------------+----------------+-----
Armour         | 1 2 3 |  3.0
Fighting       | 1 2 3 |  3.0
Spellcasting   | 2 |  2.5
Axes           | 1 2 |  2.1
Unarmed Combat | 1 |  1.0
Necromancy     | 5 |  5.0
Dodging        | |  1.3
Stealth        | |  1.4

Action                     |  1- 3 |  4- 6 || total
---------------------------+-------+-------++-------
  Melee: Unarmed           |    14 |       ||    14
         Punch             |     1 |       ||     1
         Broad axe         |    34 |    85 ||   119
   Cast: Necrotise         |    47 |    37 ||    84
         Vampiric Draining |       |     1 ||     1
    Use: Scroll            |       |     2 ||     2
 Armour: Robe              |    19 |       ||    19
         Scale mail        |    37 |   139 ||   176
  Dodge: Dodged            |    44 |    61 ||   105
         Repelled          |       |     2 ||     2
  Block: Other             |    16 |    22 ||    38

Table legend: (Time is in decaauts)
 A = Elapsed time spent in this place.
 B = Non-inter-level travel time spent in this place.
 C = Inter-level travel time spent in this place.
 D = Time resting spent in this place.
 E = Time spent auto-exploring this place.
 F = Levels seen in this place.
 G = Mean time per level.
                   A        B        C        D        E       F      G
               +--------+--------+--------+--------+--------+-----+--------+
         Total |   2560 |   2463 |     97 |     33 |   1654 |   5 |  512.0 |
       Dungeon |   2358 |   2303 |     55 |     33 |   1654 |   4 |  589.5 |
        Temple |    201 |    159 |     42 |      0 |      0 |   1 |  201.0 |
               +--------+--------+--------+--------+--------+-----+--------+

Top non-repeatable levels by time:
     D:3: 896 daAuts
     D:2: 682 daAuts
     D:1: 588 daAuts
  Temple: 201 daAuts
     D:4: 192 daAuts
